 Dungeon Crawl Stone Soup version 0.26-a0-259-g1effd001a9 (webtiles) character file.

Game seed: 2480504743843811332

54 iamserjio the Skirmisher (level 3, 0/33 HPs)
             Began as a Centaur Brigand on July 13, 2020.
             Killed by divine providence
             ... invoked by an orc priest
              (16 damage)
             ... on level 2 of the Dungeon on July 14, 2020.
             The game lasted 00:03:48 (502 turns).

iamserjio the Skirmisher (Centaur Brigand)           Turns: 502, Time: 00:03:48

Health: 0/33       AC:  7    Str: 14    XL:     3   Next: 66%
Magic:  3/3        EV:  8    Int: 10    God:
Gold:   22         SH:  0    Dex: 10    Spells: 2/2 levels left

rFire    . . .     SeeInvis .   i - +2 dagger (venom)
rCold    . . .     Faith    .   (no shield)
rNeg     . . .     Spirit   .   o - +0 ring mail
rPois    .         Reflect  .   (no helmet)
rElec    .         Harm     .   c - +1 cloak
rCorr    .                      (no gloves)
MR       .....                  (no barding)
Stlth    +.........             (no amulet)
HPRegen  0.11/turn              (no ring)
MPRegen  0.08/turn              (no ring)

@: lethally poisoned (0 -> -5), about to teleport, slowed
A: large, hooves 3, deformed body, speed 2, tough skin 3
a: no special abilities


You were on level 2 of the Dungeon.
You were not hungry.

You visited 1 branch of the dungeon, and saw 2 of its levels.

You collected 22 gold pieces.

Inventory:

Hand Weapons
 a - a +2 dagger
 i - a +2 dagger of venom (weapon)
 j - a +0 short sword
Missiles
 d - 8 poisoned darts
 e - a curare-tipped dart (quivered)
Armour
 b - a +0 robe
 c - a +1 cloak (worn)
 o - a +0 ring mail (worn)
 q - a +0 chain mail
Scrolls
 h - a scroll of teleportation {@r3}
 k - a scroll of noise {unknown}
Potions
 m - a potion of might {unknown}
 n - a potion of degeneration {unknown}
Comestibles
 f - 4 rations


   Skills:
 * Level 4.1 Fighting
 - Level 1.7 Short Blades
 - Level 2.1 Throwing
 - Level 0.6 Dodging
 - Level 2.4 Stealth


You had 2 spell levels left.
You didn't know any spells.
Your spell library was empty.

Dungeon Overview and Level Annotations

Branches:
Dungeon (2/15)

Altars:
Ru


Innate Abilities, Weirdness & Mutations

You have hooves in place of feet.
Armour fits poorly on your strangely shaped body.
You cover ground very quickly.
You have extremely tough skin. (AC +3)


Message History

As you read the scroll labeled BAGANI BESCHOXT, it crumbles to dust.
You feel blessed for a moment.
It was a scroll of remove curse.
You feel sick.
The orc wizard hits you but does no damage.
The orc closely misses you. The orc wizard closely misses you.
The orc barely misses you.
As you read the scroll labeled NYAKOTT MALUB, it crumbles to dust.
It is a scroll of enchant armour.
Your +0 cloak glows green for a moment.
You feel sick.
The orc wizard mumbles some strange words.
The orc wizard blinks!
The orc hits you from afar with a +0 trident.
The orc priest hits you.
As you read the scroll labeled RAZUEFF RIFAM, it crumbles to dust.
You feel strangely unstable.
It was a scroll of teleportation.
You feel sick.
The orc wizard gestures wildly while chanting.
The orc wizard blinks!
The orc priest mumbles some strange prayers to Beogh against you.
Beogh smites you!
You die...

### #.. #######.####
........o)..#
#.######o##.# .(.
..#@##.#
####.####.#.##.####..
#.......#.#...........
#
#.##.##.#.#......###.#
##.#.#.#...#.#.#.§#...#
......†.._........#!.$#
...#.#.#...#.#.#......#
# #.##.##.#.#..##..#
#.......#.#.## ..#


You could see an orc priest and an orc.

Vanquished Creatures
  An adder (D:2)
  A worm (D:2)
  2 dart slugs (D:1)
  A leopard gecko (D:1)
  An orc (D:2)
  3 bats (D:1)
  5 goblins (D:1)
  2 hobgoblins (D:1)
  6 jackals (D:1)
  4 kobolds
  A quokka (D:2)
  2 frilled lizards (D:1)
  2 rats (D:1)
31 creatures vanquished.

Notes
Turn   | Place    | Note
-------+----------+-------------------------------------------
     0 | D:1      | iamserjio the Centaur Brigand began the quest for the Orb.
     0 | D:1      | Reached XP level 1. HP: 17/17 MP: 1/1
   144 | D:1      | Reached XP level 2. HP: 5/25 MP: 2/2
   215 | D:1      | Reached skill level 3 in Fighting
   310 | D:1      | Reached XP level 3. HP: 13/31 MP: 3/3
   433 | D:2      | Found a sacrificial altar of Ru.
   467 | D:2      | Reached skill level 4 in Fighting
   502 | D:2      | Killed from afar by an orc priest

Illustrated notes

Levels and vault maps discovered:
D:1:      lightli_arrival_chessboard, layout_loops_ring, minivault_23
D:2:      layout_loops_ring, nicolae_ru_sacrificial_ziggurat

Skill      XL: |  1  2  3 |
---------------+----------+-----
Fighting       | 3 4 |  4.1
Short Blades   | |  1.7
Throwing       | |  2.1
Dodging        | |  0.6
Stealth        | |  2.4

Action                   || total
-------------------------++-------
Melee: Dagger            ||    72
       Kick              ||    10
Throw: Dart              ||     9
  Use: Scroll            ||     3
       Potion            ||     1
 Stab: Sleeping          ||     3
Armor: Robe              ||    29
       Ring mail         ||    13
Dodge: Dodged            ||    41

Table legend:
 A = Non-vault XP
 B = Vault XP
 C = Vault XP percentage of total XP
 D = Non-vault monster count
 E = Vault monster count
 F = Vault count percentage of total count
                 A         B        C        D         E       F
            +---------+---------+-------+---------+---------+-------
      Total |      78 |       0 |   0.0 |      31 |       0 |   0.0
            +---------+---------+-------+---------+---------+-------
        D:1 |      50 |       0 |   0.0 |      25 |       0 |   0.0
        D:2 |      28 |       0 |   0.0 |       6 |       0 |   0.0
            +---------+---------+-------+---------+---------+-------
